 Dungeon Crawl Stone Soup version 0.22.0 (webtiles) character file.

3854 CyclopB the Ducker (level 10, -12/63 HPs)
             Began as an Octopode Transmuter on Dec 28, 2018.
             Was an Initiate of Gozag.
             Mangled by an orc warrior
             ... wielding a +0 mace
              (14 damage)
             ... on level 8 of the Dungeon.
             The game lasted 01:10:56 (9353 turns).

CyclopB the Ducker (Octopode Transmuter)            Turns: 9353, Time: 01:10:56

Health: -12/63     AC:  2    Str: 11    XL:     10   Next: 18%
Magic:  25/26      EV: 27    Int: 16    God:    Gozag
Gold:   991        SH:  0    Dex: 19    Spells: 7/17 levels left

rFire    . . .     SeeInvis .     - Unarmed
rCold    . . .     Gourm    .   (shield currently unavailable)
rNeg     . . .     Faith    .   (helmet currently unavailable)
rPois    x         Spirit   .   (no amulet)
rElec    .         Reflect  .   v - ring of magical power
rCorr    .         Harm     .   A - ring of protection from magic
MR       +....                  (no ring)
Stlth    ++++......             (no ring)
HPRegen  0.20/turn              (no ring)
MPRegen  0.20/turn              (no ring)
                                (no ring)
                                (no ring)

@: spider-form, hasted, very quick
A: tiny, almost no armour, stealthy swim, (amphibious), 8 rings, (constrict 8),
high mp 1
a: End Transformation, Potion Petition, Call Merchant, Bribe Branch, Renounce
Religion


You were on level 8 of the Dungeon.
You worshipped Gozag.
Gozag was pleased with you.
You were near starving.
You were a venomous arachnid creature.
You visited 2 branches of the dungeon, and saw 10 of its levels.

You collected 1061 gold pieces.
You spent 24 gold pieces at shops.
You paid 46 gold pieces to Gozag.

Inventory:

Hand Weapons
 d - a +0 dagger
 e - a +2 vampiric dagger
 q - a +1 hunting sling of velocity
 t - a +2 dagger of draining (melded)
 E - a +1 dagger of electrocution
Missiles
 a - 188 arrows
 f - 31 poisoned needles
 g - 189 stones (quivered)
 h - 3 javelins of penetration
 m - 12 needles of sleeping
 w - a throwing net
Magical Staves
 j - an uncursed staff of summoning {unknown}
Jewellery
 v - a ring of magical power (left front leg)
 A - a ring of protection from magic (right front leg)
Wands
 C - a wand of polymorph (14)
Scrolls
 i - 2 scrolls of fog {unknown}
 k - 3 scrolls of remove curse
 l - 2 scrolls of magic mapping {unknown}
 n - a scroll of enchant weapon {unknown}
 o - 2 scrolls of amnesia
 p - 3 scrolls of fear {unknown}
 r - 2 scrolls of enchant armour {unknown}
 u - 2 scrolls of teleportation {unknown}
 y - 2 scrolls of random uselessness {unknown}
 D - a scroll of identify
 F - a scroll of noise {unknown}
Potions
 x - a potion of berserk rage
 z - a potion of flight {unknown}
 B - a potion of might
Comestibles
 c - 18 rations


   Skills:
 - Level 3.0 Fighting
 + Level 5.4 Short Blades
 + Level 7.7 Dodging
 - Level 6.2 Stealth
 - Level 6.2 Unarmed Combat
 - Level 4.1 Spellcasting
 - Level 6.0 Transmutations
 - Level 3.7 Poison Magic


You had 7 spell levels left.
You knew the following spells:

 Your Spells              Type           Power        Failure   Level  Hunger
a - Beastly Appendage     Tmut           ###...       6%          1    None
b - Sticks to Snakes      Tmut           ###.....     8%          2    ##.....
c - Spider Form           Tmut/Pois      ###.......   19%         3    ###....
d - Ice Form              Ice/Tmut       ##......     65%         4    ####...

Your spell library contained the following spells:

 Spells                   Type           Power        Failure   Level  Hunger
 Confuse                  Hex            #.......     67%         3    ###....
 Regeneration             Chrm/Necr      #.........   67%         3    ###....
 Tukima's Dance           Hex            #.......     67%         3    ###....
 Blade Hands              Tmut           ###.......   58%         5    ######.
 Ensorcelled Hibernation  Hex/Ice        #.....       47%         2    ##.....
 Corona                   Hex            #......      36%         1    None
 Shroud of Golubria       Chrm/Tloc      #.........   47%         2    ##.....
 Dazzling Spray           Conj/Hex       #.....       67%         3    ###....
 Infusion                 Chrm           #...         36%         1    None
 Song of Slaying          Chrm           #.......     47%         2    ##.....
 Spectral Weapon          Hex/Chrm       #.......     67%         3    ###....


Dungeon Overview and Level Annotations

Branches:
Dungeon (9/15)             Temple (1/1) D:4
   Lair: D:8-11         Orc: D:9-12

Altars:
Ashenzari
Cheibriados
Dithmenos
Elyvilon
Fedhas
Gozag
Hepliaklqana
Kikubaaqudgha
Makhleb
Nemelex Xobeh
Okawaru
Qazlal
Ru
Sif Muna
Trog
Uskayaw
Vehumet
Wu Jian
Xom
Yredelemnul
Zin
The Shining One

Shops:
D:5 *   D:6 *

Annotations:
D:6 Pikel
D:8 Psyche
D:9 Maurice


Innate Abilities, Weirdness & Mutations

You cannot wear most types of armour.
You are very stealthy in the water. (Stealth+)
((You are amphibious.))
You can wear up to eight rings at the same time.
((You can use your tentacles to constrict eight enemies at once.))
((Your skin changes colour to match your surroundings (Stealth+).))
((Your rubbery body absorbs attacks. (AC +1, EV +1)))
((You have very sharp teeth.))
((You are partially covered in thin metallic scales. (AC +2)))
You have an increased reservoir of magic. (+10% MP)


Message History

The orc warrior is almost dead.
The orc warrior hits you with a mace!
The orc priest calls upon Beogh to heal the orc warrior.
The orc warrior is healed somewhat.
You hit the orc warrior but do no damage.
The orc warrior looks as sick as possible!
The orc warrior is severely wounded.
The orc warrior hits you with a mace!!
* * * LOW HITPOINT WARNING * * *
Okay, then.
Unknown command.
Okay, then.
You feel better.
The orc priest calls upon Beogh to heal the orc warrior.
The orc warrior is healed somewhat.
The orc warrior hits you with a mace!
* * * LOW HITPOINT WARNING * * *
It was a potion of haste.
You feel yourself speed up. The orc warrior hits you with a mace!
You die...
Your body crumbles into a pile of gold.

#.# #...
###.####....$...... #...
#.....##........... #...
#.#.#.##........... ####
#.#.#.##....%...... #.#.#.#
... ....... ### #.#.#8###.#
.$..... #..
#.#.###...##.......# #..
#.#.#.##.soo.......#####..
#.#>.#.....#..............
##.#.#......##.......####..
#..#.###....##.......####..
#.##..8#..#.8#....≈♣≈≈≈##..
#.#####.#.[###...≈P≈PP≈♣P≈≈
#.......#.......≈P≈≈P≈≈♣♣♣♣
###.....######..≈P≈≈≈≈≈≈P≈≈
#........###.............


You could see an orc warrior and an orc priest.

Vanquished Creatures
  3 hippogriffs
  A hungry ghost (D:8)
  A water moccasin (D:8)
  2 orc warriors
  An ice beast (D:7)
  A necrophage (D:6)
  5 centaurs
  6 ogres
  A big kobold (D:8)
  A wyvern skeleton (D:8)
  3 scorpions
  4 wights (D:8)
  5 electric eels (D:8)
  2 howler monkeys (D:7)
  2 crimson imps
  A bullfrog zombie (D:8)
  A quasit (D:6)
  4 orc wizards
  3 orc priests
  3 hounds
  3 jellies
  Jessica (D:2)
  2 iguanas (D:8)
  10 worker ants
  A hound skeleton (D:6)
  4 gnolls (D:5)
  A howler monkey skeleton (D:6)
  8 adders
  An ooze (D:1)
  An adder zombie (D:9)
  An adder skeleton (D:8)
  4 worms
  6 dart slugs
  4 leopard geckos
  19 orcs
  2 ball pythons
  5 giant cockroaches
  9 goblins
  10 hobgoblins
  3 jackals (D:1)
  9 kobolds
  10 quokkas
  4 bats
  5 frilled lizards
  A leopard gecko skeleton (D:6)
  3 quokka skeletons
  14 rats
  A fungus (D:1)
192 creatures vanquished.

Vanquished Creatures (others)
  2 plants (D:8)
2 creatures vanquished.

Grand Total: 194 creatures vanquished

Notes
Turn   | Place    | Note
-------+----------+-------------------------------------------
     0 | D:1      | CyclopB the Octopode Transmuter began the quest for the Orb.
     0 | D:1      | Reached XP level 1. HP: 13/13 MP: 3/3
    85 | D:1      | Reached XP level 2. HP: 18/18 MP: 5/5
   487 | D:1      | Reached XP level 3. HP: 22/23 MP: 6/6
   881 | D:2      | Reached skill level 3 in Dodging
  1016 | D:2      | Noticed Jessica
  1100 | D:2      | Reached XP level 4. HP: 22/28 MP: 7/7
  1648 | D:2      | Killed Jessica
  1648 | D:2      | Reached skill level 4 in Dodging
  1648 | D:2      | Reached skill level 1 in Stealth
  1940 | D:3      | Reached XP level 5. HP: 33/33 MP: 8/8
  2113 | D:3      | Reached skill level 1 in Short Blades
  2378 | D:3      | Found a blossoming altar of Fedhas.
  2874 | D:4      | Found a staircase to the Ecumenical Temple.
  2883 | Temple   | Entered the Ecumenical Temple
  3167 | D:4      | Reached XP level 6. HP: 36/38 MP: 9/9
  3243 | Temple   | Became a worshipper of Gozag Ym Sagoz the Greedy
  3638 | D:5      | Entered Level 5 of the Dungeon
  3684 | D:5      | Reached skill level 5 in Dodging
  3760 | D:5      | Reached XP level 7. HP: 38/43 MP: 10/10
  3812 | D:5      | Reached skill level 6 in Dodging
  4798 | D:5      | Found Eniy's General Store.
  4806 | D:5      | Bought a scroll of identify for 24 gold pieces
  5069 | D:4      | Reached skill level 5 in Stealth
  5476 | D:4      | Reached XP level 8. HP: 29/48 MP: 11/11
  5928 | D:6      | Found Ytzegesu's Assorted Antiques.
  6129 | D:6      | Reached skill level 7 in Dodging
  6280 | D:6      | Noticed Pikel
  6475 | D:7      | Learned a level 2 spell: Sticks to Snakes
  6790 | D:7      | Reached skill level 5 in Transmutations
  6797 | D:7      | Learned a level 3 spell: Spider Form
  6874 | D:7      | Reached XP level 9. HP: 54/54 MP: 12/12
  7360 | D:8      | Found a shattered altar of Ashenzari.
  7610 | D:8      | Noticed Psyche
  7625 | D:9      | Noticed Maurice
  7806 | D:9      | Gained mutation: You are partially covered in thin metallic scales. (AC +2) [potion of mutation]
  7806 | D:9      | Gained mutation: You have very sharp teeth. [potion of mutation]
  7806 | D:9      | Gained mutation: You have an increased reservoir of magic. (+10% MP) [potion of mutation]
  8333 | D:8      | Learned a level 4 spell: Ice Form
  8590 | D:8      | Reached skill level 5 in Unarmed Combat
  9064 | D:8      | Reached XP level 10. HP: 33/63 MP: 17/17
  9219 | D:8      | Reached skill level 5 in Short Blades
  9352 | D:8      | HP: 2/63 [orc warrior/mace (10)]
  9353 | D:8      | Mangled by an orc warrior

Skill      XL: |  1  2  3  4  5  6  7  8  9 10 |
---------------+-------------------------------+-----
Transmutations | 3 5 6 |  6.0
Dodging        | 3 4 5 6 7 |  7.7
Stealth        | 1 4 6 |  6.2
Short Blades   | 2 4 5 |  5.4
Fighting       | 3 |  3.0
Poison Magic   | 3 |  3.7
Spellcasting   | 4 |  4.1
Unarmed Combat | 6 |  6.2

Action                   |  1- 3 |  4- 6 |  7- 9 | 10-12 || total
-------------------------+-------+-------+-------+-------++-------
Melee: Unarmed           |    13 |       |    38 |     9 ||    60
       Tentacles         |    19 |    28 |    69 |    10 ||   126
       Kick              |     2 |       |       |       ||     2
       Dagger            |    90 |   144 |   312 |    45 ||   591
       Constrict         |    22 |    35 |    43 |     8 ||   108
       Punch             |     1 |     4 |     8 |     3 ||    16
       Bite              |       |       |    10 |    10 ||    20
Throw: Stone             |     1 |    24 |    66 |     6 ||    97
       Throwing net      |       |     1 |     2 |       ||     3
       Javelin           |       |       |     1 |       ||     1
 Cast: Beastly Appendage |     3 |       |       |       ||     3
       Spider Form       |       |       |     2 |     1 ||     3
       Sticks to Snakes  |       |       |     1 |       ||     1
Invok: Potion Petition   |       |       |     1 |       ||     1
  Use: Scroll            |       |     2 |     2 |       ||     4
       Potion            |       |     1 |     4 |     2 ||     7
 Stab: Sleeping          |     5 |    12 |    19 |     1 ||    37
       Held in net/web   |       |     1 |       |       ||     1
       Distracted        |       |       |     2 |       ||     2
  Eat: Chunk             |     1 |     7 |       |       ||     8
       Ration            |       |       |     6 |       ||     6
Armor: Skin              |     7 |     6 |    13 |     1 ||    27
Dodge: Dodged            |    50 |    68 |   241 |    33 ||   392
